 Dungeon Sprint DCSS version 0.18-a0-1312-gf98331d (webtiles) character file.

130 Kidiri the Covert (level 4, -11/31 HPs)
             Began as a Spriggan Enchanter on Feb 14, 2016.
             Mangled by a neqoxec (13 damage)
             ... in the Dungeon (Sprint II: "The Violet Keep of Menkaure").
             The game lasted 00:01:08 (21 turns).

Kidiri the Covert (Spriggan Enchanter)                Turns: 21, Time: 00:01:08

Health: -11/31     AC:  2    Str:  9    XL:     4   Next: 90%
Magic:  6/11       EV: 21    Int: 17    God:
Gold:   0          SH:  0    Dex: 16    Spells: 1 memorised, 11 levels left

rFire  . . .     SeeInvis +     a - +1 dagger
rCold  . . .     Gourm    .     b - +1 robe
rNeg   . . .     Faith    .     (shield restricted)
rPois  .         Spirit   .     (helmet restricted)
rElec  .         Dismiss  .     (no cloak)
rCorr  .         Reflect  .     (gloves unavailable)
SustAt .         Harm     .     (boots unavailable)
MR     .....     NoTele   +     (no amulet)
Stlth  ..........               (no ring)
                                (no ring)

@: berserking (expiring), very quick, not resistant to hostile enchantments,
extremely unstealthy
A: unfitting armour, see invisible, deformed body, herbivore 3, speed 3, slow
metabolism 2, MP-powered wands
a: no special abilities


You were in the Dungeon.
You were not hungry.

You visited 1 branch

Inventory:

Hand Weapons
 a - a +1 dagger (weapon)
Armour
 b - a +1 robe (worn)
Scrolls
 j - a scroll of blinking
Potions
 e - a potion of curing
 f - a potion of heal wounds
 g - a potion of haste
 h - 2 potions of magic
Books
 c - a book of Maledictions

   Spells                             Type                      Level
   a - Corona                         Hexes                        1
   b - Ensorcelled Hibernation        Hexes/Ice                    2
   c - Confuse                        Hexes                        3
   d - Tukima's Dance                 Hexes                        3
   e - Dazzling Spray                 Conjuration/Hexes            3
Comestibles
 d - a bread ration


   Skills:
 + Level 1.3 Short Blades
 + Level 5.9 Dodging
 + Level 9.1 Stealth
 + Level 4.7 Spellcasting
 + Level 8.7 Hexes


You had 11 spell levels left.
You knew the following spells:

 Your Spells              Type           Power        Failure   Level  Hunger
a - Corona                Hex            ####...      1%          1    None


Dungeon Overview and Level Annotations

Branches:
Dungeon (1/1)

Altars:


Innate Abilities, Weirdness & Mutations

You are tiny and cannot use many weapons and most armour.
You have supernaturally acute eyesight.
You are an herbivore.
You cover ground extremely quickly.
You need consume almost no food.
Armour fits poorly on your strangely shaped body.
You expend magic power (3 MP) to strengthen your wands.


Message History

You puncture the neqoxec!
The neqoxec is moderately wounded.
You barely miss the neqoxec.
The neqoxec is moderately wounded.
The neqoxec closely misses you.
You closely miss the neqoxec.
The neqoxec is moderately wounded.
The neqoxec gestures at you.
Something tries to feed on your intellect!
The neqoxec barely misses you.
You hit the neqoxec.
The neqoxec is heavily wounded.
You hit the neqoxec.
The neqoxec is heavily wounded.
The neqoxec gestures.
You hit the neqoxec but do no damage.
The neqoxec is heavily wounded.
The neqoxec gestures.
The neqoxec hits you!
You die...

# #+# 5#
##.##55#
+.5@33#
##5##3#
#+# 5# #


You could see 3 neqoxecs, 2 iron imps, 2 crimson imps and 2 ufetubi.

Vanquished Creatures
  A neqoxec (D)
1 creature vanquished.

Notes
Turn   | Place    | Note
--------------------------------------------------------------
     0 | D        | Kidiri the Spriggan Enchanter began the quest for the Orb.
     0 | D        | Reached XP level 1. HP: 9/9 MP: 5/5
     1 | D        | Noticed a neqoxec
     1 | D        | Noticed a neqoxec
     1 | D        | Noticed a neqoxec
     1 | D        | Noticed a neqoxec
     2 | D        | Noticed an iron imp
     2 | D        | Noticed an iron imp
     4 | D        | Gained mutation: Armour fits poorly on your strangely shaped body. [a neqoxec]
     8 | D        | Noticed a crimson imp
     9 | D        | Gained mutation: You expend magic power (3 MP) to strengthen your wands. [a neqoxec]
    15 | D        | Killed a neqoxec
    15 | D        | Reached skill level 5 in Dodging
    15 | D        | Reached skill level 9 in Stealth
    15 | D        | Reached XP level 2. HP: 2/13 MP: 5/8
    15 | D        | Reached XP level 3. HP: 2/16 MP: 6/10
    15 | D        | Reached XP level 4. HP: 2/21 MP: 6/11
    21 | D        | Mangled by a neqoxec

Vault maps used:
D:        the_violet_keep_of_menkaure

Action                   |  1- 3 |  4- 6 || total
-------------------------+-------+-------++-------
Melee: Dagger            |    13 |     6 ||    19
  Use: Potion            |     1 |       ||     1
